 Dungeon Crawl Stone Soup version 0.29.1-4-g47bece8355 (webtiles) character file.

Game seed: 13795451086888558407

157 fleeber the Digger (level 5, 0/28 HPs)
             Began as a Gargoyle Earth Elementalist on Dec 9, 2022.
             Slain by an orc priest
             ... wielding a +0 flail
              (3 damage)
             ... on level 3 of the Dungeon.
             The game lasted 00:06:23 (2485 turns).

fleeber the Digger (Gargoyle Earth Elementalist)    Turns: 2485, Time: 00:06:23

Health: 0/28       AC:  7    Str: 17    XL:     5   Next: 38%
Magic:  9/9        EV: 11    Int: 18    God:
Gold:   102        SH:  5    Dex: 10    Spells: 9/10 levels left

rFire   . . .      SeeInvis .   d - +0 eveningstar
rCold   . . .      Faith    .   (no shield)
rNeg    + . .      Spirit   .   a - +0 robe
rPois   ∞          Reflect  +   (no helmet)
rElec   +          Harm     .   (no cloak)
rCorr   .          Rampage  .   r - +0 pair of gloves "Feafo" {Str+6}
Will    .....                   (no boots)
Stlth   ++........              e - amulet of reflection
HPRegen 0.09/turn               (no ring)
MPRegen 0.11/turn               (no ring)

@: no status effects
A: sickness immunity, AC +4, negative energy resistance 1, electricity
resistance, torment resistance 1, petrification resistance
a: no special abilities


You were on level 3 of the Dungeon.
You visited 1 branch of the dungeon, and saw 3 of its levels.

You collected 102 gold pieces.

Inventory:

Hand Weapons
 d - a +0 eveningstar (weapon)
Armour
 a - a +0 robe (worn)
 r - the +0 pair of gloves "Feafo" (worn) {Str+6}
   (You found it on level 3 of the Dungeon)

   Str:       It affects your strength (+6).
Jewellery
 e - an amulet of reflection (around neck)
 g - an amulet of the acrobat
Scrolls
 c - 2 scrolls of torment {unknown}
 l - a scroll of immolation {unknown}
 m - a scroll of teleportation {unknown}
 o - a scroll of vulnerability {unknown}
 q - 2 scrolls of identify {unknown}
Potions
 b - a potion of magic
 f - 2 potions of might {unknown}
 h - a potion of heal wounds {unknown}
 i - 2 potions of attraction {unknown}
 j - a potion of resistance {unknown}
 k - 2 potions of brilliance {unknown}
 n - a potion of flight {unknown}
 p - 3 potions of curing {unknown}


   Skills:
 - Level 1.5 Dodging
 - Level 2.1 Stealth
 + Level 3.2 Spellcasting
 + Level 2.9 Conjurations
 - Level 0.7 Transmutations
 + Level 5.0 Earth Magic


You had 9 spell levels left.
You knew the following spells:

 Your Spells              Type           Power      Damage    Failure   Level
a - Sandblast             Erth           42%        2d11      1%          1

Your spell library contained the following spells:

 Spells                   Type           Power      Damage    Failure   Level
 Passwall                 Tmut/Erth      10%        N/A       8%          2
 Stone Arrow              Conj/Erth      34%        3d9       9%          3
 Ozocubu's Armour         Ice            2%         N/A       43%         3
 Petrify                  Tmut/Erth      13%        N/A       43%         4
 Ozocubu's Refrigeration  Ice            1%         4d7       100%        7


Dungeon Overview and Level Annotations

Branches:
Dungeon (3/15)

Altars:

Shops:
D:3 =


Innate Abilities, Weirdness & Mutations

You are immune to sickness and miasma.
Your stone body is resilient. (AC +4)
You are immune to poison.
You resist negative energy. (rN+)
You are resistant to electric shocks. (rElec)
You are resistant to unholy torment.
You are immune to petrification.


Message History

The adder hisses angrily.
You hit the orc.
The orc is heavily wounded.
The orc hits you but does no damage.
You puncture the orc!
You kill the orc!
The orc priest hits you with a +0 short sword.
You thump the orc priest!
The orc priest is severely wounded.
The orc priest looks braver for a moment.
You puncture the orc priest!
You kill the orc priest!
The orc priest invokes the aid of Beogh against you.
You are unaffected.
Your Earth Magic skill increases to level 5!
You barely miss the orc priest. The orc priest barely misses you.
You hit the orc priest.
The orc priest is moderately wounded.
The orc priest misses you. You block the orc priest's attack.
You closely miss the orc priest.
The orc priest is moderately wounded.
The orc priest hits you with a +0 flail.
You hit the orc priest.
The orc priest is severely wounded.
The orc priest mumbles some strange prayers to Beogh against you.
Beogh smites you!
Ouch! That really hurt!
* * * LOW HITPOINT WARNING * * *
The orc priest barely misses you.
You hit the orc priest.
The orc priest is severely wounded.
The orc priest barely misses you.
You barely miss the orc priest.
The orc priest is severely wounded.
The orc priest hits you but does no damage.
The orc priest misses you.
You barely miss the orc priest.
The orc priest is severely wounded.
The orc priest hits you with a +0 flail.
You die...

o... #... ....
#... ... #... ..♣
#... ..♣♣ ####
... ##.# #♣#
#########..# ..#
#....@oS..##
..##....######
..#....# #.#)...#
#.#....# ####
#......# #...
##.#..### #...
#########..##.##
#[..
..........###..##
#...


You could see an orc priest and an adder.

Vanquished Creatures
  An orc priest (D:3)
  An iguana (D:3)
  3 gnolls (D:2)
  2 adders (D:2)
  A dart slug (D:1)
  3 orcs (D:3)
  2 endoplasms
  A giant cockroach (D:2)
  9 goblins
  5 hobgoblins
  2 quokkas (D:1)
  4 ball pythons
  5 bats
  2 frilled lizards
  3 kobolds
  6 rats
50 creatures vanquished.

Notes
Turn   | Place    | Note
-------+----------+-------------------------------------------
     0 | D:1      | fleeber the Gargoyle Earth Elementalist began the quest for
                  | the Orb.
     0 | D:1      | Reached XP level 1. HP: 10/10 MP: 3/3
   168 | D:1      | Reached XP level 2. HP: 15/15 MP: 0/5
   297 | D:1      | Reached skill level 1 in Conjurations
   534 | D:1      | Reached skill level 4 in Earth Magic
   642 | D:1      | Reached XP level 3. HP: 14/19 MP: 1/6
  1813 | D:2      | Reached XP level 4. HP: 24/24 MP: 5/8
  2142 | D:3      | Identified the +0 pair of gloves "Feafo" {Str+6}
  2285 | D:3      | Found Fotz's One-of-a-Kind Rings.
  2320 | D:3      | Reached XP level 5. HP: 25/28 MP: 3/9
  2479 | D:3      | Reached skill level 5 in Earth Magic
  2485 | D:3      | Slain by an orc priest

Illustrated notes

Levels and vault maps discovered:
D:1:      dpeg_arrival_fog, layout_basic
D:2:      layout_basic, serial_aquarium, aquarium_bridge_straight
          [aquarium_subvault_bridge, aquarium_subvault_wall,
          aquarium_subvault_bridge, aquarium_subvault_window],
          aquarium_window_fake, aquarium_window_fake, aquarium_window_fake,
          aquarium_view_2c, aquarium_view_2g, aquarium_pool_2,
          due_unseen_surprise
D:3:      layout_basic, fedhas_altar_fruit_tree,
          nicolae_overflow_ecumenical_swirl, serial_forest,
          infiniplex_forest_lined_4_way, infiniplex_forest_lined_3,
          infiniplex_forest_lined_ring, infiniplex_forest_straight_4,
          infiniplex_forest_clump_tiny, infiniplex_forest_corner_1,
          infiniplex_forest_lined_room_2, infiniplex_forest_end_2,
          hangedman_decor_opposing, nicolae_shop_unique_rings,
          kennysheep_potato, uniq_crazy_yiuf_cottage

Skill      XL: |  1  2  3  4  5 |
---------------+----------------+-----
Conjurations   | 1 2 |  2.9
Earth Magic    | 4 5 |  5.0
Spellcasting   | 3 |  3.2
Dodging        | |  1.5
Stealth        | |  2.1
Transmutations | |  0.7

Action                   |  1- 3 |  4- 6 || total
-------------------------+-------+-------++-------
Melee: Eveningstar       |    15 |    22 ||    37
 Cast: Sandblast         |    42 |    18 ||    60
 Stab: Sleeping          |     1 |       ||     1
Armor: Robe              |    10 |     9 ||    19
Dodge: Dodged            |    18 |    12 ||    30
Block: Other             |     8 |     5 ||    13
       Reflection        |       |     1 ||     1
